 Dungeon Crawl Stone Soup version 0.27-a0-988-g25969acef8 (webtiles) character file.

Game seed: 15914799035881636305

75 mightbedylan the Chiller (level 4, -1/31 HPs)
             Began as a Merfolk Ice Elementalist on Apr 16, 2021.
             Was a Believer of Zin.
             Killed from afar by Natasha (9 damage)
             ... with a puff of flame
             ... on level 2 of the Dungeon.
             The game lasted 00:14:37 (1738 turns).

mightbedylan the Chiller (Merfolk Ice Elementalist) Turns: 1738, Time: 00:14:38

Health: -1/31      AC:  2    Str:  8    XL:     4   Next: 31%
Magic:  4/8        EV: 13    Int: 15    God:    Zin [**....]
Gold:   101        SH:  0    Dex: 14    Spells: 7/8 levels left

rFire    . . .     SeeInvis .   e - +0 dagger (elec)
rCold    . . .     Faith    .   (no shield)
rNeg     . . .     Spirit   .   a - +0 robe
rPois    .         Reflect  .   (no helmet)
rElec    .         Harm     .   (no cloak)
rCorr    .         Rampage  .   (no gloves)
Will     +....                  (no boots)
Stlth    ++........             (no amulet)
HPRegen  0.10/turn              b - ring of willpower
MPRegen  0.11/turn              (no ring)

@: on recite cooldown
A: (nimble swimmer 2), mertail
a: Renounce Religion, Recite, Vitalisation, Donate Gold


You were on level 2 of the Dungeon.
You worshipped Zin.
Zin was pleased with you.
You visited 1 branch of the dungeon, and saw 2 of its levels.

You collected 112 gold pieces.
You donated 11 gold pieces to Zin.

Inventory:

Hand Weapons
 e - a +0 dagger of electrocution (weapon)
Missiles
 c - 5 atropa-tipped darts
Armour
 a - a +0 robe (worn)
 d - a +0 scale mail
Jewellery
 b - a ring of willpower (left hand)
Wands
 f - a wand of digging (3)


   Skills:
 + Level 0.5 Fighting
 + Level 1.2 Short Blades
 + Level 3.5 Dodging
 + Level 2.4 Stealth
 + Level 2.7 Spellcasting
 + Level 5.0 Ice Magic


You had 7 spell levels left.
You knew the following spells:

 Your Spells              Type           Power      Damage    Failure   Level
a - Freeze                Ice            68%        1d8       2%          1

Your spell library contained the following spells:

 Spells                   Type           Power      Damage    Failure   Level
 Frozen Ramparts          Ice            34%        1d5       8%          3
 Ozocubu's Armour         Ice            17%        N/A       8%          3
 Hailstorm                Conj/Ice       9%         3d4       58%         4
 Metabolic Englaciation   Hex/Ice        4%         N/A       90%         5


Dungeon Overview and Level Annotations

Branches:
Dungeon (2/15)

Altars:
Zin

Shops:
D:2 [

Annotations:
D:2 Natasha


Innate Abilities, Weirdness & Mutations

((You are quick and stealthy near water. (Stealth+, EV+, Speed+++)))
Your lower body shifts to a powerful aquatic tail in water.


Message History

Confirm with . or Enter, or press ? or * to list all spells.
Aiming: Freeze (safe; 2% risk of failure)
Press: ? - help, Shift-Dir - straight line, f/p - Natasha
Aim: Natasha, carrying a wand of flame (14) (lightly wounded)
You freeze Natasha.
Natasha is moderately wounded.
The bat barely misses you.
Natasha zaps a wand.
The puff of flame hits you.
* * * LOW HITPOINT WARNING * * *
The bat barely misses you.
You clear your throat and prepare to recite. "To the devout, Zin provideth.
From the rest..."
You hear a bark!
The bat hits you but does no damage. Natasha barely misses you.
The crimson imp blinks!
You closely miss Natasha.
Natasha is moderately wounded.
The bat hits you but does no damage.
The crimson imp blinks!
Natasha closely misses you.
You are too injured to fight recklessly!
Casting: Freeze (safe; 2% risk of failure)
Confirm with . or Enter, or press ? or * to list all spells.
Aiming: Freeze (safe; 2% risk of failure)
Press: ? - help, Shift-Dir - straight line, f/p - Natasha
Aim: Natasha, carrying a wand of flame (13) (moderately wounded)
You freeze Natasha.
Natasha is moderately wounded. "...ye guilty, ye guilty..."
The bat closely misses you. The bat barely misses you.
Natasha claws you but does no damage.
The crimson imp blinks!
Casting: Freeze (safe; 2% risk of failure)
Confirm with . or Enter, or press ? or * to list all spells.
Aiming: Freeze (safe; 2% risk of failure)
Press: ? - help, Shift-Dir - straight line, f/p - Natasha
Aim: Natasha, carrying a wand of flame (13) (moderately wounded)
You freeze Natasha!
Natasha is almost dead. "...of unfaithfulness, Zin taketh."
You finish reciting Ablutions 5:15.
The bat barely misses you.
Natasha zaps a wand.
The puff of flame hits you!
You die...

.# ## #.# .# #.#<.
#b #.#. # ... ... ..
#.# #.##.#.. #
#.#####....§.. #..
#.§h@.b.#
....##5#####.##.##.#
####
.>......5...........
....
.#.##.............#
#### #.#.#.#..######
#.. ##.#.#.#..# #.#
#......#.... #.#
##.######.###
##.###.# #........#
.........


You could see Natasha, a crimson imp (summoned) and a bat.

Vanquished Creatures
  Natasha (D:2)
  2 adders (D:2)
  2 dart slugs (D:1)
  A bat (D:2)
  4 endoplasms
  2 giant cockroaches (D:1)
  2 goblins (D:1)
  3 hobgoblins (D:1)
  A jackal (D:1)
  A quokka (D:1)
  A ball python (D:1)
  3 frilled lizards
  3 kobolds (D:1)
  4 rats (D:1)
30 creatures vanquished.

Notes
Turn   | Place    | Note
-------+----------+-------------------------------------------
     0 | D:1      | mightbedylan the Merfolk Ice Elementalist began the quest
                  | for the Orb.
     0 | D:1      | Reached XP level 1. HP: 13/13 MP: 3/3
   161 | D:1      | Reached XP level 2. HP: 18/19 MP: 0/5
   652 | D:1      | Reached XP level 3. HP: 24/24 MP: 3/6
  1005 | D:2      | Noticed Natasha
  1009 | D:2      | Killed Natasha
  1010 | D:2      | Reached skill level 1 in Short Blades
  1255 | D:2      | Reached skill level 5 in Ice Magic
  1255 | D:2      | Reached XP level 4. HP: 13/31 MP: 4/7
  1434 | D:2      | Found Zump's Armour Shop.
  1645 | D:2      | Found a faded altar of an unknown god.
  1656 | D:2      | Became a worshipper of Zin the Law-Giver
  1656 | D:2      | Reached * piety under Zin
  1726 | D:2      | Noticed Natasha
  1727 | D:2      | Reached ** piety under Zin
  1738 | D:2      | Killed from afar by Natasha

Illustrated notes

Levels and vault maps discovered:
D:1:      dpeg_arrival_solitude, layout_rooms, hangedman_feature_mirror,
          minmay_misc_feat_tower
D:2:      layout_basic, shapermc_ecumenical_altar_starsandcircs, serial_shops,
          shop, minmay_crystal_water, uniq_natasha

Skill      XL: |  1  2  3 |
---------------+----------+-----
Dodging        | 3 |  3.5
Short Blades   | 1 |  1.2
Ice Magic      | 5 |  5.0
Fighting       | |  0.5
Stealth        | |  2.4
Spellcasting   | |  2.7

Action                   |  1- 3 |  4- 6 || total
-------------------------+-------+-------++-------
Melee: Unarmed           |     7 |       ||     7
       Dagger            |    33 |     3 ||    36
 Cast: Freeze            |    38 |     7 ||    45
Invok: Recite            |       |     1 ||     1
  Use: Scroll            |     5 |       ||     5
 Stab: Sleeping          |       |     1 ||     1
Armor: Robe              |    11 |     3 ||    14
Dodge: Dodged            |    38 |     7 ||    45

Table legend: (Time is in decaauts)
 A = Elapsed time spent in this place.
 B = Non-inter-level travel time spent in this place.
 C = Inter-level travel time spent in this place.
 D = Time resting spent in this place.
 E = Time spent auto-exploring this place.
 F = Levels seen in this place.
 G = Mean time per level.
                   A        B        C        D        E       F      G
               +--------+--------+--------+--------+--------+-----+--------+
         Total |   1734 |   1716 |     18 |      0 |   1132 |   2 |  867.0 |
       Dungeon |   1734 |   1716 |     18 |      0 |   1132 |   2 |  867.0 |
               +--------+--------+--------+--------+--------+-----+--------+

Top non-repeatable levels by time:
     D:1: 882 daAuts
     D:2: 851 daAuts
